 Dungeon Crawl Stone Soup version 0.23.1 (webtiles) character file.

Game seed: 5301593821885535484

103 uberloutre the Sneak (level 4, -4/30 HPs)
             Began as an Octopode Assassin on Mar 7, 2019.
             Slain by a killer bee (5 damage)
             ... on level 3 of the Dungeon.
             The game lasted 00:06:08 (1553 turns).

uberloutre the Sneak (Octopode Assassin)            Turns: 1553, Time: 00:06:09

Health: -4/30      AC:  1    Str: 10    XL:     4   Next: 79%
Magic:  4/4        EV: 18    Int: 13    God:
Gold:   147        SH:  0    Dex: 14    Spells: 3/3 levels left

rFire    . . .     SeeInvis .   a - +2 dagger
rCold    . . .     Gourm    .   (no shield)
rNeg     . . .     Faith    .   (helmet restricted)
rPois    .         Spirit   .   (no amulet)
rElec    .         Reflect  .   o - +5 ring of evasion
rCorr    .         Harm     .   (no ring)
MR       .....                  (no ring)
Stlth    +++++.....             (no ring)
HPRegen  0.10/turn              (no ring)
MPRegen  0.09/turn              (no ring)
                                (no ring)
                                (no ring)

@: lethally poisoned (-4 -> -12)
A: almost no armour, stealthy swim, amphibious, 8 rings, constrict 8, camouflage
1, gelatinous body 1
a: no special abilities


You were on level 3 of the Dungeon.
You were not hungry.

You visited 1 branch of the dungeon, and saw 3 of its levels.

You collected 147 gold pieces.

Inventory:

Hand Weapons
 a - a +2 dagger (weapon)
 b - a +0 blowgun
Missiles
 c - 8 poisoned needles (quivered)
 d - 2 curare-tipped needles
Jewellery
 o - a +5 ring of evasion (left tentacle)
Wands
 t - a wand of flame (17)
Scrolls
 e - 2 scrolls of remove curse {unknown}
 i - a scroll of fear {unknown}
 j - 2 scrolls of teleportation {unknown}
 k - 2 scrolls of identify
 l - 2 scrolls of random uselessness {unknown}
 m - a scroll of amnesia {unknown}
 p - a scroll of immolation {unknown}
Potions
 g - 2 potions of heal wounds {unknown}
 h - 2 potions of curing {unknown}
 q - a potion of brilliance {unknown}
 r - a potion of lignification {unknown}
 s - a potion of haste {unknown}
Comestibles
 f - 6 rations
 n - 6 chunks of flesh


   Skills:
 + Level 2.3 Fighting
 + Level 2.8 Short Blades
 + Level 2.2 Throwing
 + Level 1.1 Dodging
 + Level 7.3 Stealth


You had 3 spell levels left.
You didn't know any spells.
Your spell library was empty.

Dungeon Overview and Level Annotations

Branches:
Dungeon (3/15)

Altars:
Xom


Innate Abilities, Weirdness & Mutations

You cannot wear most types of armour.
You are very stealthy in the water. (Stealth+)
You are amphibious.
You can wear up to eight rings at the same time.
You can use your tentacles to constrict eight enemies at once.
Your skin changes colour to match your surroundings (Stealth+).
Your rubbery body absorbs attacks. (AC +1, EV +1)


Message History

You feel sick.
* * * LOW HITPOINT WARNING * * *
You feel sick.
* * * LOW HITPOINT WARNING * * *
You feel sick.
* * * LOW HITPOINT WARNING * * *
You feel sick.
* * * LOW HITPOINT WARNING * * *
You feel sick.
* * * LOW HITPOINT WARNING * * *
You feel sick.
The killer bee buzzes angrily.
* * * LOW HITPOINT WARNING * * *
You feel sick.
* * * LOW HITPOINT WARNING * * *
You feel sick. The killer bee misses you.
* * * LOW HITPOINT WARNING * * *
You feel sick. The killer bee barely misses you.
The killer bee completely misses you. The killer bee stings you.
You die...

..## ##......>## #.#
#......## #.# #.#....#
#.# #.##+#.#
#.######.##.#.#
#...........#.#########
########.#..#.#........
#.#..y.#.###
#.....รท..@.#
#......#.#y#
##...###.#.#
#.....##.#.#
#....y...#.#
#.....####.# ##...##
#.# ###.. ..# ###


You could see 2 killer bees.

Vanquished Creatures
  A killer bee (D:3)
  2 adders
  An ooze (D:2)
  A worm (D:2)
  A dart slug (D:2)
  5 bats
  2 giant cockroaches
  5 goblins
  3 hobgoblins (D:1)
  2 jackals (D:3)
  5 frilled lizards
  3 kobolds
  6 rats
37 creatures vanquished.

Notes
Turn   | Place    | Note
-------+----------+-------------------------------------------
     0 | D:1      | uberloutre the Octopode Assassin began the quest for the
                  | Orb.
     0 | D:1      | Reached XP level 1. HP: 14/14 MP: 1/1
    83 | D:1      | Reached XP level 2. HP: 18/19 MP: 2/2
   908 | D:2      | Reached skill level 6 in Stealth
   908 | D:2      | Reached XP level 3. HP: 24/24 MP: 3/3
   975 | D:2      | Found a shimmering altar of Xom.
  1482 | D:3      | Reached XP level 4. HP: 29/29 MP: 4/4
  1542 | D:3      | Reached skill level 7 in Stealth
  1552 | D:3      | HP: 1/30 [poisoned by a killer bee]
  1553 | D:3      | Slain by a killer bee

Skill      XL: |  1  2  3  4 |
---------------+-------------+-----
Stealth        | 6 7 |  7.3
Fighting       | |  2.3
Short Blades   | |  2.8
Throwing       | |  2.2
Dodging        | |  1.1

Action                   |  1- 3 |  4- 6 || total
-------------------------+-------+-------++-------
Melee: Dagger            |    60 |     7 ||    67
       Constrict         |    10 |     1 ||    11
       Tentacles         |     2 |     1 ||     3
  Use: Scroll            |     1 |       ||     1
 Stab: Sleeping          |    20 |     1 ||    21
  Eat: Chunk             |     2 |       ||     2
Armor: Skin              |    10 |       ||    10
Dodge: Dodged            |    20 |    10 ||    30
